Map: Ever Dream LE

Players

Namshar - Winner!

  • Race: Zerg Zerg
  • League: Master
  • Spawn Location: 1:00

JonSnow

  • Race: Zerg Zerg
  • League: Master
  • Spawn Location: 7:00

Event: DreamHack SC2 Masters 2020 Summer North America

VOD

Have the link to the VOD?

Description

Time

  • Played on: July 2, 2020, 4:52 p.m.
  • Length: 12:04

All games in this series

Show
View Real Time Build Order
Export as new Build Order

Namshar Zerg - Winner!

Build Orders: Hatch First 

Get SALT Encoding   

  12  0:00  Drone  
  13  0:12  Overlord  
  13  0:17  Drone  
  14  0:30  Drone x2  
  16  0:48  Hatchery  
  15  0:51  Drone  
  15  0:55  Drone  
  17  1:08  Spawning Pool  
  17  1:10  Extractor  
  15  1:13  Drone  
  15  1:17  Drone  
  17  1:20  Drone  
  18  1:27  Drone  
  19  1:39  Drone  
  20  1:49  Overlord  
  20  1:54  Queen  
  20  1:59  Queen  
  20  2:01  Drone, Zergling x2  
  26  2:09  Metabolic Boost  
  26  2:11  Drone  
  26  2:12  Drone  
  28  2:21  Drone x2  
  30  2:32  Drone x2  
  32  2:38  Hatchery  
  31  2:45  Queen  
  32  2:52  Baneling Nest  
  32  2:54  Overlord  
  32  2:57  Zergling x2  
  32  2:59  Zergling x2  
  32  3:01  Zergling x2  
  34  3:05  Zergling x2  
  35  3:13  Drone  
  35  3:14  Drone x2  
  35  3:15  Overlord  
  38  3:21  Zergling x4  
  40  3:29  Drone x2  
  42  3:34  Evolution Chamber  
  42  3:36  Baneling  
  42  3:37  Baneling  
  42  3:40  Drone  
  42  3:41  Drone x3  
  45  3:44  Drone x2  
  47  3:52  Baneling x2  
  47  3:53  Queen  
  49  3:58  Roach Warren  
  48  4:09  Drone x6  
  53  4:22  Overlord x2  
  53  4:30  Zerg Missile Weapons Level 1  
  53  4:33  Extractor  
  53  4:34  Extractor  
  51  4:41  Drone x10  
  60  4:49  Zergling x4  
  60  4:50  Overlord  
  60  4:52  Overlord  
  62  4:54  Drone  
  62  4:55  Drone x2  
  62  4:56  Drone  
  62  4:58  Lair  
  66  5:13  Drone  
  66  5:14  Drone x7  
  72  5:16  Pneumatized Carapace  
  72  5:17  Drone x4, Extractor  
  75  5:24  Overlord x2  
  75  5:25  Drone x2  
  77  5:29  Extractor x2  
  77  5:33  Overlord  
  77  5:34  Overlord  
  75  5:47  Overlord x2  
  75  5:48  Hatchery  
  75  5:49  Roach  
  84  5:50  Roach x4  
  84  5:58  Roach  
  84  5:59  Roach x3  
  84  6:01  Glial Reconstitution  
  84  6:02  Overseer  
  92  6:04  Overlord  
  94  6:11  Roach x4  
  94  6:13  Spine Crawler  
  94  6:18  Roach x2  
  102  6:23  Roach  
  102  6:24  Roach x4, Spine Crawler  
  112  6:31  Roach  
  112  6:32  Roach x3  
  118  6:38  Roach  
  118  6:39  Roach x3  
  126  6:43  Roach, Ravager  
  126  6:47  Roach  
  126  6:48  Roach x2  
  126  6:51  Roach  
  112  6:57  Roach x2  
  115  7:01  Roach  
  115  7:06  Roach x3  
  125  7:08  Ravager x2  
  125  7:20  Roach x5  
  135  7:28  Ravager  
  135  7:29  Ravager  
  131  7:32  Roach x3  
  131  7:33  Zerg Missile Weapons Level 2  
  132  7:41  Overlord  
  132  7:42  Roach x2  
  132  7:43  Roach  
  132  7:44  Ravager  
  132  7:45  Ravager  
  134  7:54  Drone x3  
  137  8:04  Drone  
  138  8:05  Spire  
  135  8:14  Drone x5  
  135  8:15  Drone x2  
  142  8:22  Drone  
  142  8:23  Drone x2  
  145  8:31  Overlord x3  
  145  8:35  Evolution Chamber  
  144  8:53  Drone  
  144  8:54  Drone x3  
  149  8:55  Drone x2  
  149  8:56  Drone  
  149  8:57  Hatchery  
  149  9:00  Overlord x2  
  149  9:01  Zerg Ground Armor Level 1  
  150  9:08  Roach x7  
  164  9:10  Ravager x2  
  164  9:11  Ravager x2  
  164  9:13  Ravager  
  169  9:19  Mutalisk x3  
  169  9:23  Unknown  
  172  9:28  Mutalisk  
  172  9:29  Mutalisk x3  
  164  9:37  Roach x5  
  166  9:42  Roach x3  
  169  9:46  Mutalisk  
  169  9:52  Mutalisk x2  
  175  10:06  Hatchery  
  174  10:07  Unknown  
  174  10:08  Roach x3  
  179  10:19  Ravager x3  
  179  10:20  Ravager  
  183  10:22  Overlord x4  
  182  10:45  Roach  
  182  10:46  Roach x7  
  194  10:54  Ravager x2  
  194  10:55  Roach x2  
  174  11:05  Roach x7  
  184  11:16  Roach x8  
  168  11:21  Roach x2  
  168  11:22  Roach  
  168  11:24  Roach  
  162  11:32  Roach x3  
  166  11:37  Roach x2  
  172  11:44  Roach x2  
Show
View Real Time Build Order
Export as new Build Order

JonSnow Zerg 

Build Orders: Hatch First 

Get SALT Encoding   

  12  0:02  Drone  
  13  0:13  Overlord  
  13  0:16  Drone  
  14  0:31  Drone x2  
  16  0:48  Hatchery  
  15  0:51  Drone  
  15  0:56  Drone  
  17  0:58  Drone  
  18  1:05  Extractor  
  17  1:13  Spawning Pool  
  17  1:17  Drone  
  17  1:20  Drone  
  18  1:28  Drone  
  19  1:39  Drone  
  20  1:49  Overlord  
  20  2:00  Queen x2  
  20  2:01  Drone x2  
  26  2:06  Metabolic Boost  
  26  2:11  Drone  
  26  2:12  Drone  
  28  2:29  Hatchery  
  27  2:31  Zergling x2  
  27  2:34  Zergling x2  
  29  2:42  Drone x2  
  31  2:54  Overlord  
  31  2:55  Drone x2, Baneling Nest  
  31  2:57  Drone  
  33  3:03  Queen  
  35  3:08  Overlord  
  35  3:12  Overlord  
  35  3:16  Zergling x2  
  35  3:17  Zergling x2  
  37  3:23  Zergling x4  
  38  3:28  Zergling x6  
  41  3:34  Zergling x2  
  41  3:37  Overlord  
  42  3:43  Drone x3  
  42  3:44  Drone  
  42  3:45  Drone  
  42  3:48  Drone  
  48  3:52  Drone x2  
  48  3:53  Baneling  
  48  3:54  Baneling x2  
  50  3:56  Drone  
  51  4:07  Extractor  
  51  4:08  Extractor  
  48  4:11  Roach Warren, Drone x3  
  48  4:14  Drone x2  
  51  4:19  Lair  
  51  4:26  Drone x4  
  55  4:32  Evolution Chamber  
  54  4:40  Overlord  
  54  4:43  Drone x6  
  60  4:46  Overlord  
  60  4:50  Drone x3  
  63  4:54  Drone  
  63  4:55  Drone  
  65  5:04  Extractor  
  62  5:15  Zerg Missile Weapons Level 1, Overlord  
  62  5:16  Drone x4  
  62  5:17  Drone, Extractor  
  62  5:19  Glial Reconstitution  
  67  5:24  Overlord  
  67  5:25  Extractor  
  66  5:32  Nydus Network  
  65  5:36  Roach x8  
  65  5:41  Roach x2  
  85  5:44  Overlord x2  
  85  5:50  Roach x2  
  85  5:53  Roach x2  
  93  5:59  Roach x2  
  96  6:06  Roach  
  96  6:07  Roach x4  
  96  6:10  Nydus Canal  
  106  6:13  Roach x3  
  106  6:16  Roach  
  114  6:25  Nydus Canal  
  113  6:28  Roach, Overlord  
  113  6:29  Overlord  
  113  6:43  Nydus Canal  
  113  6:48  Roach x4  
  113  6:49  Roach x3  
  113  6:52  Roach x2  
  113  6:57  Roach x4  
  113  6:58  Roach x2  
  123  7:04  Roach x3  
  129  7:10  Overlord x2  
  129  7:18  Ravager  
  125  7:31  Ravager  
  125  7:32  Roach x4  
  130  7:40  Drone x9  
  129  7:46  Overseer  
  129  7:52  Zerg Missile Weapons Level 2  
  129  7:53  Ravager  
  129  7:55  Overlord  
  129  7:57  Drone x4  
  134  7:58  Extractor  
  134  8:01  Hatchery  
  134  8:04  Overlord  
  132  8:10  Roach x8  
  139  8:13  Ravager x3  
  139  8:16  Roach x2  
  139  8:18  Roach x2  
  148  8:25  Roach x3  
  154  8:28  Overlord x2  
  154  8:35  Pneumatized Carapace  
  154  8:36  Roach x2  
  154  8:40  Roach x2  
  162  8:45  Hydralisk Den  
  162  8:46  Drone  
  162  8:48  Overlord  
  162  8:51  Roach x4  
  162  8:54  Ravager, Overlord  
  171  8:57  Unknown  
  171  8:59  Roach x2  
  174  9:08  Roach x5  
  184  9:15  Overseer  
  184  9:19  Muscular Augments  
  180  9:30  Roach  
  180  9:31  Roach x9  
  154  9:42  Hydralisk x5  
  162  9:50  Hydralisk x2  
  162  9:51  Hydralisk  
  162  9:52  Drone x2  
  170  9:56  Spore Crawler  
  170  9:57  Spore Crawler  
  170  9:58  Hydralisk  
  170  10:04  Ravager x2  
  172  10:09  Spore Crawler, Zerg Ground Armor Level 1  
  172  10:11  Hydralisk, Spore Crawler  
  172  10:16  Hydralisk x2  
  172  10:21  Hydralisk x2  
  176  10:25  Overlord  
  176  10:26  Hydralisk  
  182  10:28  Overlord  
  182  10:31  Grooved Spines  
  182  10:38  Overlord  
  182  10:43  Roach x3  
  182  10:44  Roach x2  
  190  10:55  Roach x6  
  196  11:03  Roach x4  
  168  11:07  Roach  
  168  11:08  Roach x2  
  166  11:17  Roach x4  
  141  11:21  Hydralisk x2  
  137  11:27  Roach x3  
  137  11:31  Roach x2  
  138  11:37  Hydralisk x2  
  138  11:38  Hydralisk  
Tags
 
Add a new tag
Caveats
  • Supply blocks, unpowered buildings, or Contaminate may cause inaccurate times.
  • Supply counts are checked every 10 seconds.